[Event "Titled Tuesday Blitz March 07 Late 2023"]
[White "Kamsky, Gata"]
[Black "Kleiman, Jake"]
[WhiteFideId "2000024"]
[BlackFideId "2020041"]
[WhiteElo "2666"]
[BlackElo "2480"]
[Result "1-0"]
[Round "01"]
[TimeControl "180+2"]
[Date "2023.03.07"]
[WhiteClock "0:00:32"]
[BlackClock "0:00:03"]

1. e4 e5 2. Nf3 Nc6 3. Bb5 a6 4. Ba4 Nf6 5. O-O b5 6. Bb3 Bc5 7. c3 d6 8. a4 Rb8 9. axb5 axb5 10. d4 Bb6 11. h3 h6 12. Be3 O-O 13. Nbd2 Re8 14. Re1 Bb7 15. Qb1 exd4 16. cxd4 Nb4 17. d5 Bxe3 18. Rxe3 c5 19. dxc6 Nxc6 20. Qf1 Qb6 21. Rd1 Ne5 22. Nh4 Rbc8 23. Nf5 d5 24. exd5 Nxd5 25. Rg3 Ng6 26. Nf3 Rcd8 27. Rd4 Qf6 28. Qxb5 Bc6 29. Qc5 Nde7 30. Nd6 Rf8 31. Nxf7 Rxd4 32. N7e5+ Kh7 33. Qxd4 Nxe5 34. Nxe5 Nf5 35. Bc2 Kg8 36. Qc4+ Kh8 37. Ng6+ 1-0


[Site "https://www.chess.com"]

[Event "Titled Tuesday Blitz March 07 Late 2023"]
[White "Karas, Marek"]
[Black "Kramnik, Vladimir"]
[WhiteFideId "14928558"]
[BlackFideId "4101588"]
[WhiteElo "2233"]
[BlackElo "2712"]
[Result "1/2-1/2"]
[Round "01"]
[TimeControl "180+2"]
[Date "2023.03.07"]
[WhiteClock "0:02:34"]
[BlackClock "0:02:42"]

1. d4 Nf6 2. Nf3 e6 3. c4 Bb4+ 4. Bd2 Bxd2+ 5. Nbxd2 O-O 6. e3 d6 7. Bd3 Qe7 8. O-O e5 9. Qc2 Nc6 10. a3 Bg4 11. d5 Nb8 12. Bf5 Bxf3 13. Nxf3 g6 14. Bh3 a5 15. b4 axb4 16. axb4 Ra2 17. Rxa2 1/2-1/2


[Site "https://www.chess.com"]

[Event "Titled Tuesday Blitz March 07 Late 2023"]
[White "Licznerski, Lukasz"]
[Black "TimGrutter03"]
[WhiteFideId "1179250"]
[WhiteElo "2450"]
[BlackElo "2479"]
[Result "1-0"]
[Round "01"]
[TimeControl "180+2"]
[Date "2023.03.07"]
[WhiteClock "0:00:04"]
[BlackClock "0:00:03"]

1. e4 g6 2. d4 Bg7 3. Nf3 d6 4. Bc4 c6 5. Nc3 b5 6. Bb3 a5 7. a4 b4 8. Ne2 Nf6 9. e5 Nd5 10. h3 O-O 11. O-O Ba6 12. Re1 dxe5 13. Nxe5 e6 14. Nf4 Qb6 15. Re4 Nf6 16. Re3 Nd5 17. Rg3 Ra7 18. h4 Nd7 19. Nxd5 cxd5 20. Nxd7 Rxd7 21. Be3 Bc4 22. h5 Bxb3 23. cxb3 Rc8 24. Qg4 Qd8 25. Rh3 Qf6 26. Rf3 Qe7 27. Bg5 f6 28. Be3 g5 29. Re1 h6 30. Bd2 Re8 31. Rfe3 f5 32. Qe2 Rd6 33. Qd3 Qf7 34. Rh3 g4 35. Rh1 Kh7 36. Bf4 Rc6 37. g3 Rec8 38. Kg2 Rc2 39. Rc1 Rxc1 40. Rxc1 Rxc1 41. Bxc1 Qc7 42. Bf4 Qb6 43. Be3 Qc6 44. Qb5 Qc2 45. Qxa5 Qxb3 46. Qb6 Qxb2 47. Qxe6 Qc2 48. a5 Qe4+ 49. Qxe4 fxe4 50. a6 b3 51. a7 b2 52. a8=Q b1=Q 53. Qxd5 Qd3 54. Qf5+ Kg8 55. Qxg4 Kf7 56. Qg6+ Kf8 57. Qf5+ Kg8 58. Qe6+ Kf8 59. d5 Qe2 60. Bc5# 1-0


[Site "https://www.chess.com"]

[Event "Titled Tuesday Blitz March 07 Late 2023"]
[White "Goltseva, Ekaterina"]
[Black "Vazquez, Guillermo"]
[WhiteFideId "24173770"]
[BlackFideId "3702308"]
[WhiteElo "2200"]
[BlackElo "2543"]
[Result "0-1"]
[Round "01"]
[TimeControl "180+2"]
[Date "2023.03.07"]
[WhiteClock "0:00:03"]
[BlackClock "0:00:19"]

1. Nf3 d5 2. d4 Nf6 3. Nc3 Bf5 4. Bf4 e6 5. e3 Bb4 6. Bd3 Bxc3+ 7. bxc3 Ne4 8. c4 dxc4 9. Bxc4 O-O 10. O-O Nc6 11. a4 h6 12. h3 Qe7 13. Qb1 Rab8 14. Qb2 Rfd8 15. Bd3 Bh7 16. Rfd1 Nb4 17. Qa3 Rbc8 18. c3 Nd5 19. Qxe7 Nxe7 20. c4 c5 21. a5 Nc3 22. Bxh7+ Kxh7 23. Rd2 cxd4 24. exd4 Rxc4 25. a6 b5 26. Be3 Nc6 27. Kh2 Nd5 28. Ne5 Nxe3 29. Nxc6 Rxc6 30. fxe3 Rb8 31. Rb2 b4 32. Rb3 Kg6 33. Kg3 f5 34. Ra4 Rcb6 35. Kf3 Kf6 36. e4 e5 37. dxe5+ Kxe5 38. Ra5+ Kd4 39. exf5 Kc4 40. Rb1 b3 41. Re5 b2 42. Re2 Kc3 43. g4 Rxa6 44. h4 Ra1 45. Ree1 Rxb1 46. Rxb1 Kc2 0-1


[Site "https://www.chess.com"]

[Event "Titled Tuesday Blitz March 07 Late 2023"]
[White "Fressinet, Laurent"]
[Black "Manukian, Artak"]
[WhiteFideId "608742"]
[BlackFideId "13301373"]
[WhiteElo "2633"]
[BlackElo "2130"]
[Result "1-0"]
[Round "01"]
[TimeControl "180+2"]
[Date "2023.03.07"]
[WhiteClock "0:00:50"]
[BlackClock "0:00:25"]

1. e4 c6 2. d3 d5 3. Nf3 Bg4 4. Nbd2 e6 5. exd5 cxd5 6. c4 dxc4 7. dxc4 Nc6 8. Be2 Nf6 9. O-O Be7 10. b3 O-O 11. Bb2 Qa5 12. h3 Bh5 13. a3 Rad8 14. b4 Qc7 15. Qc1 Qb8 16. Re1 Rc8 17. Qc3 Rfd8 18. Rad1 Ne8 19. Qc1 Bf6 20. Ne4 Bxb2 21. Qxb2 Bg6 22. Nc3 Rxd1 23. Rxd1 Rd8 24. b5 Rxd1+ 25. Bxd1 Ne5 26. Be2 Nxf3+ 27. Bxf3 b6 28. Bc6 Nd6 29. Qb4 h5 30. c5 bxc5 31. Qxc5 Nf5 32. Ne2 h4 33. a4 Bh5 34. Nd4 Qf4 35. Nxf5 exf5 36. a5 g5 37. a6 g4 38. Qe3 Qb4 39. Qg5+ Bg6 40. Qxh4 gxh3 41. Qxb4 1-0


[Site "https://www.chess.com"]

[Event "Titled Tuesday Blitz March 07 Late 2023"]
[White "Prydun, Andriy"]
[Black "Keymer, Vincent"]
[WhiteFideId "14145898"]
[BlackFideId "12940690"]
[WhiteElo "2164"]
[BlackElo "2651"]
[Result "0-1"]
[Round "01"]
[TimeControl "180+2"]
[Date "2023.03.07"]
[WhiteClock "0:00:02"]
[BlackClock "0:00:21"]

1. d4 Nf6 2. Nc3 d5 3. Bf4 e6 4. e3 Be7 5. Bd3 O-O 6. Nf3 c5 7. dxc5 Nbd7 8. b4 b6 9. Nb5 Ba6 10. Nc7 Bxd3 11. cxd3 Rc8 12. Nb5 bxc5 13. Nxa7 Ra8 14. Nc6 Qe8 15. b5 Nh5 16. a4 Nxf4 17. exf4 Bd6 18. O-O Bxf4 19. a5 Nb8 20. Nxb8 Qxb5 21. Rb1 Qe8 22. Qc2 Rxa5 23. Rb7 Bxb8 24. Rfb1 Bd6 25. Qc3 Qa8 26. g3 Ra3 27. Qc2 Ra2 28. Qc3 h6 29. R1b5 Qa3 30. Kg2 Qxc3 0-1


[Site "https://www.chess.com"]

[Event "Titled Tuesday Blitz March 07 Late 2023"]
[White "Indjic, Aleksandar"]
[Black "Dudzinski, Pawel"]
[WhiteFideId "911925"]
[BlackFideId "1117890"]
[WhiteElo "2614"]
[BlackElo "2099"]
[Result "1-0"]
[Round "01"]
[TimeControl "180+2"]
[Date "2023.03.07"]
[WhiteClock "0:01:11"]
[BlackClock "0:00:06"]

1. e4 c6 2. Nf3 d5 3. d3 g6 4. Nbd2 Bg7 5. e5 Bg4 6. d4 f6 7. h3 Bxf3 8. Nxf3 fxe5 9. Nxe5 Nd7 10. f4 Ngf6 11. Bd3 Qb6 12. c3 O-O 13. Qe2 Nxe5 14. fxe5 Nh5 15. Qe3 Nf4 16. Bf1 Bh6 17. Qg1 Kg7 18. g3 Ne6 19. Bxh6+ Kxh6 20. Qe3+ Kg7 21. Rh2 Rf7 22. O-O-O Raf8 23. Be2 c5 24. h4 cxd4 25. cxd4 Rc8+ 26. Kb1 a5 27. h5 g5 28. h6+ Kh8 29. Bg4 Rc4 30. Rhd2 Rf8 31. Be2 Rfc8 32. Bxc4 dxc4 33. Rc2 Qc6 34. d5 Qc5 35. Qxc5 Nxc5 36. Rxc4 b5 37. Rc2 1-0


[Site "https://www.chess.com"]

[Event "Titled Tuesday Blitz March 07 Late 2023"]
[White "Mortazavi, Ali"]
[Black "Rasulov, Vugar"]
[WhiteFideId "401323"]
[BlackFideId "13402390"]
[WhiteElo "2339"]
[BlackElo "2509"]
[Result "0-1"]
[Round "01"]
[TimeControl "180+2"]
[Date "2023.03.07"]
[WhiteClock "0:00:04"]
[BlackClock "0:00:38"]

1. Nf3 Nf6 2. g3 g6 3. Bg2 Bg7 4. O-O O-O 5. d3 d6 6. e4 Nc6 7. Nc3 e5 8. a4 a6 9. h3 h6 10. Be3 Kh7 11. d4 exd4 12. Nxd4 Bd7 13. a5 Re8 14. Re1 Ne5 15. b3 c5 16. Nde2 Bb5 17. Nf4 Bc6 18. Qd2 h5 19. Nfd5 Bxd5 20. exd5 Qc7 21. Ra4 Re7 22. Bg5 Rae8 23. Rf1 Ned7 24. Kh2 Re5 25. f4 Re3 26. Rf3 Rxf3 27. Bxf3 Kg8 28. f5 Ne5 29. Bg2 c4 30. Bxf6 Bxf6 31. Ne4 Bg7 32. f6 Bf8 33. bxc4 Qd7 34. Rb4 Rc8 35. c5 dxc5 36. Rb1 Re8 37. Rd1 Qa4 38. d6 Qb4 39. c3 Qxa5 40. Qg5 Qa2 41. Rf1 Qe2 42. Rf2 Qe1 43. Qf4 Nd3 44. Qf3 Nxf2 45. Nxf2 Re3 46. d7 Rxf3 47. d8=Q Qxf2 48. Qd5 Qxg3+ 49. Kh1 Rxc3 0-1


[Site "https://www.chess.com"]

[Event "Titled Tuesday Blitz March 07 Late 2023"]
[White "Dominguez Perez, Leinier"]
[Black "Girsh, Daniel"]
[WhiteFideId "3503240"]
[BlackFideId "30949190"]
[WhiteElo "2647"]
[BlackElo "2075"]
[Result "1-0"]
[Round "01"]
[TimeControl "180+2"]
[Date "2023.03.07"]
[WhiteClock "0:00:22"]
[BlackClock "0:00:12"]

1. d4 Nf6 2. Nf3 g6 3. e3 Bg7 4. Be2 O-O 5. O-O b6 6. c4 Bb7 7. Nc3 d5 8. cxd5 Nxd5 9. Bd2 Nd7 10. Nxd5 Bxd5 11. Qc2 c5 12. e4 Bb7 13. d5 Qc7 14. Bc3 Ne5 15. Nxe5 Bxe5 16. Bxe5 Qxe5 17. f4 Qd4+ 18. Kh1 f5 19. e5 Bxd5 20. Rad1 Qe4 21. Bd3 Qb4 22. Be2 e6 23. a3 Qb3 24. Qc1 Rad8 25. Rd2 Qe3 26. Rc2 Qxc1 27. Rcxc1 Kf7 28. Rfd1 Be4 29. Kg1 Ke7 30. h4 Rxd1+ 31. Rxd1 Rd8 32. Rxd8 Kxd8 33. h5 Bc6 34. h6 b5 35. Kf2 a5 36. Ke3 Kc7 37. g4 Kb6 38. gxf5 exf5 39. Bf1 Bd5 40. Be2 b4 41. Bf1 Be6 42. Be2 a4 43. Bd1 Kb5 44. Be2+ c4 45. Kd4 Bf7 46. Bf1 Be6 47. Be2 Bf7 48. e6 Bxe6 49. Ke5 Bc8 50. Kf6 bxa3 51. bxa3 Kc5 52. Kg7 c3 53. Bd1 Be6 54. Bxa4 Kd4 55. Kxh7 Ke4 56. Kg7 Bd7 57. Bc2+ Kxf4 58. h7 g5 59. h8=Q g4 60. Qb8+ Kf3 61. Qb7+ Ke3 62. Qxd7 f4 63. Qxg4 Kd2 64. Qxf4+ Kxc2 65. Qc4 Kb2 66. a4 c2 67. Qb4+ Ka2 68. Qc3 Kb1 69. a5 c1=Q 70. Qxc1+ Kxc1 71. a6 Kb2 72. a7 Kb3 73. a8=Q Kb4 74. Qd5 Kc3 75. Qe4 Kb3 76. Qd4 Kc2 77. Qe3 Kb2 78. Qd3 Ka1 79. Qd2 1-0


[Site "https://www.chess.com"]

[Event "Titled Tuesday Blitz March 07 Late 2023"]
[White "Tymrakiewicz, Rafal"]
[Black "Ibarra Jerez, Jose Carlos"]
[WhiteFideId "1108832"]
[BlackFideId "2226332"]
[WhiteElo "2151"]
[BlackElo "2638"]
[Result "0-1"]
[Round "01"]
[TimeControl "180+2"]
[Date "2023.03.07"]
[WhiteClock "0:00:01"]
[BlackClock "0:00:11"]

1. e4 c5 2. d4 cxd4 3. c3 Nf6 4. e5 Nd5 5. Nf3 Nc6 6. Bc4 Nb6 7. Bb3 g6 8. Ng5 d5 9. exd6 e6 10. cxd4 Qxd6 11. O-O Bg7 12. Nc3 Nxd4 13. Nce4 Qe7 14. Be3 Nxb3 15. axb3 O-O 16. Bxb6 Qd7 17. Bc5 Rd8 18. Qxd7 Bxd7 19. Be7 Bb5 20. Bxd8 Bxf1 21. Bf6 Bb5 22. Rc1 Bc6 23. Bxg7 Kxg7 24. Nc5 Rd8 25. Nf3 Rd5 26. Na4 Rd3 27. Nc3 Bxf3 28. gxf3 Rxf3 29. Rd1 Rf4 30. Kg2 Rb4 31. Rd2 Rxb3 32. Ne2 e5 33. Nc3 f5 34. Rd7+ Kh6 35. Rd2 e4 36. Nd5 Kg5 37. Rc2 h5 38. Rd2 h4 39. h3 a5 40. Ne3 a4 41. Nd5 b5 42. Ne3 b4 43. Nd5 a3 44. bxa3 bxa3 45. Ra2 f4 46. Ne7 f3+ 47. Kh2 Rb2 0-1


[Site "https://www.chess.com"]

[Event "Titled Tuesday Blitz March 07 Late 2023"]
[White "Svane, Frederik"]
[Black "Przybylski, Wojciech"]
[WhiteFideId "12923044"]
[BlackFideId "1117599"]
[WhiteElo "2502"]
[BlackElo "2222"]
[Result "1-0"]
[Round "01"]
[TimeControl "180+2"]
[Date "2023.03.07"]
[WhiteClock "0:00:09"]
[BlackClock "0:00:05"]

1. c4 e5 2. g3 Nf6 3. Bg2 d5 4. cxd5 Nxd5 5. Nc3 Nb6 6. Nf3 Nc6 7. O-O Be7 8. d3 O-O 9. a3 Be6 10. Be3 f6 11. Rc1 a5 12. Bxb6 cxb6 13. Nd2 Rc8 14. Nc4 Kh8 15. Re1 f5 16. Qb3 Bc5 17. Na4 Nd4 18. Qd1 b5 19. Nxc5 Rxc5 20. Nd2 b6 21. e3 Rxc1 22. Qxc1 Nb3 23. Nxb3 Bxb3 24. Qc3 Bd5 25. e4 fxe4 26. dxe4 Bc4 27. Bf3 Qd4 28. Qxd4 exd4 29. Bd1 a4 30. f4 g6 31. Kf2 Kg7 32. e5 g5 33. Kf3 gxf4 34. gxf4 Bd5+ 35. Kg3 d3 36. Rf1 Kg6 37. Bg4 Be4 38. Re1 Bf5 39. Rd1 Rd8 40. Rd2 h5 41. Bf3 Rd4 42. Bc6 Rc4 43. Bxb5 Rd4 44. Kf3 h4 45. Be8+ Kg7 46. Bc6 Rc4 47. Bd5 Rc2 48. Ke3 h3 49. Rxc2 dxc2 50. Kd2 Kg6 51. Bc6 Kh5 52. Bxa4 Kg4 53. Bxc2 Bd7 54. Ke3 Be6 55. Bg6 Bd7 56. Ke4 Bc6+ 57. Ke3 Bd7 58. f5 Kg5 59. e6 Bc6 60. Kd4 Kf4 61. e7 Kf3 62. f6 Kg2 63. f7 Kxh2 64. f8=Q Kg2 65. Be4+ Bxe4 66. Kxe4 h2 67. Qf3+ Kg1 68. Ke3 b5 69. Qf2+ Kh1 70. Qf1# 1-0


[Site "https://www.chess.com"]

[Event "Titled Tuesday Blitz March 07 Late 2023"]
[White "Vovk, Orest"]
[Black "Martinez Alcantara, Jose Eduardo"]
[WhiteFideId "14113490"]
[BlackFideId "3805662"]
[WhiteElo "2215"]
[BlackElo "2712"]
[Result "0-1"]
[Round "01"]
[TimeControl "180+2"]
[Date "2023.03.07"]
[WhiteClock "0:00:01"]
[BlackClock "0:01:48"]

1. h4 d5 2. h5 e5 3. h6 Nxh6 4. d4 exd4 5. Bxh6 gxh6 6. Qxd4 Rg8 7. Nc3 Be6 8. O-O-O Bg7 9. Qf4 c6 10. e4 d4 11. Nf3 Qb6 12. Na4 Qa5 13. Nxd4 Nd7 14. Nxe6 fxe6 15. Rxd7 Kxd7 16. Qf7+ Kd6 17. Bc4 Qxa4 18. e5+ Kc5 19. Qxb7 Rab8 20. Qe7+ Kb6 21. Bb3 Qb5 22. a4 Qc5 23. Qxe6 Rge8 24. Qf7 Bxe5 25. Kb1 a5 26. Rh5 Rbd8 27. f4 Rd1+ 28. Ka2 Ra1+ 29. Kxa1 Qa3+ 30. Kb1 Qxb2# 0-1


[Site "https://www.chess.com"]

[Event "Titled Tuesday Blitz March 07 Late 2023"]
[White "Maksimovic, Bojan"]
[Black "Karwowski, Kacper"]
[WhiteFideId "14408120"]
[BlackFideId "1126032"]
[WhiteElo "2468"]
[BlackElo "2261"]
[Result "1-0"]
[Round "01"]
[TimeControl "180+2"]
[Date "2023.03.07"]
[WhiteClock "0:01:09"]
[BlackClock "0:00:04"]

1. Nf3 Nf6 2. g3 d5 3. Bg2 e6 4. O-O Be7 5. d3 O-O 6. Nbd2 Nc6 7. e4 dxe4 8. dxe4 e5 9. c3 h6 10. Re1 Be6 11. Qc2 a5 12. a4 Bc5 13. Nb3 Bb6 14. Be3 Qe7 15. Bxb6 cxb6 16. Nbd2 Rac8 17. Qd1 Rfd8 18. Qe2 g5 19. h4 g4 20. Nh2 h5 21. Nhf1 Nd7 22. Ne3 Qc5 23. Nd5 Na7 24. Nb3 Qf8 25. Rad1 Bxd5 26. exd5 f6 27. d6 Nc6 28. Nd2 Qxd6 29. Ne4 Qe7 30. Nd6 Rb8 31. Bd5+ Kh8 32. Nf7+ Kg7 33. Nxd8 Rxd8 34. Bxc6 bxc6 35. Qd3 Kf8 36. Qd6 c5 37. Qc6 Ke8 38. Rd6 Rb8 39. Red1 Rd8 40. Re6 Kf7 41. Rxe7+ Kxe7 42. Qc7 e4 43. Qd6+ Ke8 44. Qe6+ Kf8 45. Rxd7 Rxd7 46. Qxd7 1-0


[Site "https://www.chess.com"]

[Event "Titled Tuesday Blitz March 07 Late 2023"]
[White "Cheng, Xiao"]
[Black "Dardha, Daniel"]
[WhiteFideId "2022915"]
[BlackFideId "240990"]
[WhiteElo "2468"]
[BlackElo "2581"]
[Result "0-1"]
[Round "01"]
[TimeControl "180+2"]
[Date "2023.03.07"]
[WhiteClock "0:00:22"]
[BlackClock "0:00:19"]

1. e4 c6 2. d4 d5 3. exd5 cxd5 4. Bd3 Nf6 5. c3 g6 6. Ne2 Nc6 7. O-O Bg7 8. Bf4 O-O 9. h3 a6 10. Na3 b5 11. Nc2 Bb7 12. a4 Qb6 13. axb5 axb5 14. Qd2 Rfe8 15. Bh6 Bh8 16. Nf4 e6 17. Ne3 b4 18. Ng4 bxc3 19. bxc3 Qc7 20. Rab1 Ba6 21. Bg5 Nxg4 22. hxg4 Bg7 23. Bxa6 Rxa6 24. Nd3 Rb6 25. Bf4 Qd8 26. Bh6 Rxb1 27. Rxb1 Qh4 28. Bxg7 Kxg7 29. Qf4 Qf6 30. Qe3 h6 31. Rb6 Rc8 32. Nc5 Na5 33. Ra6 Nc4 34. Qc1 Rc7 35. Ra8 Qe7 36. Qf4 Ra7 37. Rxa7 Qxa7 38. g3 g5 39. Qc1 Qa2 40. Kg2 Qe2 41. Nd7 Qxg4 42. Qc2 h5 43. f3 Ne3+ 44. Kf2 Qxf3+ 45. Kxf3 Nxc2 46. Ne5 Na3 47. Ke2 Nc4 48. Nf3 f6 49. Kd3 Kg6 50. Ne1 Kf5 51. Ng2 Kg4 52. Ne1 Kxg3 53. Ke2 h4 54. Nd3 h3 55. Nc5 h2 56. Nxe6 h1=Q 57. Ng7 Qe4+ 58. Kf1 Nd2+ 59. Kg1 Qg2# 0-1


[Site "https://www.chess.com"]

[Event "Titled Tuesday Blitz March 07 Late 2023"]
[White "Rustemov, Alexander"]
[Black "Papayan, Oleg"]
[WhiteFideId "4119002"]
[BlackFideId "4193911"]
[WhiteElo "2865"]
[BlackElo "2153"]
[Result "1-0"]
[Round "01"]
[TimeControl "180+2"]
[Date "2023.03.07"]
[WhiteClock "0:00:36"]
[BlackClock "0:00:15"]

1. d4 Nf6 2. c4 g6 3. Nf3 d5 4. cxd5 Nxd5 5. e4 Nb6 6. h3 Bg7 7. Nc3 O-O 8. Be3 Nc6 9. Be2 e5 10. d5 Ne7 11. Qb3 Kh8 12. Nd2 f5 13. f3 f4 14. Bf2 Ng8 15. Nc4 Nxc4 16. Bxc4 Nh6 17. O-O-O Nf7 18. Kb1 Nd6 19. Be2 a5 20. Rc1 Bd7 21. a4 Qg5 22. Rhg1 Bf6 23. Nb5 Bxb5 24. Bxb5 Bd8 25. Bd7 b6 26. Rc6 Ra7 27. Be6 Be7 28. Qc2 Ne8 29. h4 Qh6 30. Rh1 Bd6 31. Ka2 Qg7 32. Rc1 Qe7 33. Qc4 Ng7 34. Bg4 Ne8 35. Qb5 Nf6 36. Be6 Ne8 37. R1c4 Rf6 38. Qb3 Rf8 39. Qc2 Ng7 40. Bg4 h5 41. Bh3 Ne8 42. Be1 Kg7 43. Qf2 Bc5 44. R4xc5 bxc5 45. Qxc5 Qxc5 46. Rxc5 Nd6 47. b3 Rfa8 48. Ka3 Kf7 49. Bd7 Ke7 50. Bc6 Rb8 51. Bxa5 Kd8 52. b4 Ra6 53. Kb3 Ra7 54. Bb5 Nxb5 55. axb5 Kd7 56. Kc4 Rab7 57. Rc6 Rg8 58. Re6 g5 59. Rxe5 gxh4 60. Rxh5 Rxg2 61. Rxh4 Rc2+ 62. Kd3 Rf2 63. Rxf4 Rxb5 64. Rf7+ Ke8 65. Rxc7 Rxf3+ 66. Kc4 Rb8 67. e5 Rf4+ 68. Kc5 Rf1 69. d6 Rc1+ 70. Kd5 Rd1+ 71. Ke6 Rh1 72. Rc8+ Rxc8 73. d7+ Kf8 74. dxc8=Q+ 1-0


[Site "https://www.chess.com"]

[Event "Titled Tuesday Blitz March 07 Late 2023"]
[White "Tomaszewski, Kacper"]
[Black "Li, Ruifeng"]
[WhiteFideId "1127373"]
[BlackFideId "2061074"]
[WhiteElo "2211"]
[BlackElo "2441"]
[Result "0-1"]
[Round "01"]
[TimeControl "180+2"]
[Date "2023.03.07"]
[WhiteClock "0:01:52"]
[BlackClock "0:01:47"]

1. Nf3 d6 2. d4 g6 3. g3 Bg7 4. Bg2 f5 5. O-O Nf6 6. Nbd2 O-O 7. Re1 Nc6 8. e4 fxe4 9. Nxe4 Nxe4 10. Rxe4 Bf5 11. Re1 Nb4 12. Re2 Bg4 13. Re3 e5 14. Rb3 e4 15. Rxb4 Bxf3 16. Bh3 Bxd1 0-1


[Site "https://www.chess.com"]

[Event "Titled Tuesday Blitz March 07 Late 2023"]
[White "Samsonkin, Artiom"]
[Black "Golubev, Mikhail"]
[WhiteFideId "13503111"]
[BlackFideId "14100983"]
[WhiteElo "2524"]
[BlackElo "2374"]
[Result "1-0"]
[Round "01"]
[TimeControl "180+2"]
[Date "2023.03.07"]
[WhiteClock "0:01:50"]
[BlackClock "0:00:01"]

1. d4 Nf6 2. Bf4 d6 3. Nf3 Nbd7 4. e3 g6 5. h3 Bg7 6. c3 O-O 7. Nbd2 Re8 8. Bh2 e5 9. dxe5 dxe5 10. Nc4 e4 11. Nd4 Nc5 12. Nb5 Nd3+ 13. Bxd3 exd3 14. Nxc7 Be6 15. Nd6 Qxc7 16. Nxe8 Qc6 17. Nxg7 Qxg2 18. Rf1 Qxh2 19. Nxe6 fxe6 20. Qxd3 1-0


[Site "https://www.chess.com"]

[Event "Titled Tuesday Blitz March 07 Late 2023"]
[White "ArchibaldCerveza29"]
[Black "Movahed, Sina"]
[BlackFideId "42520835"]
[WhiteElo "2460"]
[BlackElo "2225"]
[Result "0-1"]
[Round "01"]
[TimeControl "180+2"]
[Date "2023.03.07"]
[WhiteClock "0:00:09"]
[BlackClock "0:01:04"]

1. e4 c5 2. Nf3 d6 3. d4 cxd4 4. Nxd4 Nf6 5. Nc3 a6 6. Rg1 e5 7. Nb3 h5 8. Bg5 Be7 9. Qd2 Be6 10. O-O-O Nbd7 11. f4 Rc8 12. f5 Bc4 13. h3 b5 14. Bd3 b4 15. Ne2 a5 16. Kb1 O-O 17. Ng3 a4 18. Nc1 Qb6 19. Nxh5 a3 20. Nxf6+ Nxf6 21. Be3 Qb7 22. b3 Bxd3 23. cxd3 d5 24. g4 dxe4 25. g5 Nd5 26. f6 Bd6 27. dxe4 Nc3+ 28. Ka1 Qxe4 29. Nd3 Rfd8 30. fxg7 Qg6 31. h4 e4 32. Nc1 Be5 33. Bd4 Rxd4 34. Qxd4 Bxd4 35. Rxd4 e3 36. Nd3 e2 37. Re1 Qxg7 38. Rd7 Ne4+ 39. Kb1 Nd2# 0-1


[Site "https://www.chess.com"]

[Event "Titled Tuesday Blitz March 07 Late 2023"]
[White "Zhigalko, Sergei"]
[Black "Hernandez Sanchez, Elvis De La Caridad"]
[WhiteFideId "13502956"]
[BlackFideId "6400353"]
[WhiteElo "2626"]
[BlackElo "2460"]
[Result "1-0"]
[Round "01"]
[TimeControl "180+2"]
[Date "2023.03.07"]
[WhiteClock "0:01:36"]
[BlackClock "0:01:19"]

1. e4 e6 2. d4 d5 3. e5 c5 4. c3 Nc6 5. Nf3 Nh6 6. Na3 cxd4 7. cxd4 Bxa3 8. bxa3 Nf5 9. Bd3 Nfxd4 10. Nxd4 Nxd4 11. Qg4 Nc6 12. Qxg7 Kd7 13. Qxf7+ Qe7 14. Qxe7+ Nxe7 15. O-O a6 16. a4 Nc6 17. f4 Kc7 18. Ba3 Bd7 19. Rab1 Rae8 20. Bd6+ Kc8 21. Rfc1 h5 22. Bxa6 1-0


[Site "https://www.chess.com"]

[Event "Titled Tuesday Blitz March 07 Late 2023"]
[White "Saksham, Rautela"]
[Black "Remizov, Yaroslav"]
[WhiteFideId "35046977"]
[BlackFideId "34134015"]
[WhiteElo "2301"]
[BlackElo "2408"]
[Result "0-1"]
[Round "01"]
[TimeControl "180+2"]
[Date "2023.03.07"]
[WhiteClock "0:00:02"]
[BlackClock "0:00:16"]

1. e4 c6 2. d4 d5 3. e5 c5 4. dxc5 e6 5. a3 Bxc5 6. b4 Be7 7. Bb2 a5 8. b5 Nd7 9. Nf3 f6 10. Nbd2 Nh6 11. Bd3 Nf7 12. exf6 Bxf6 13. Bxf6 Qxf6 14. O-O e5 15. Re1 O-O 16. c4 e4 17. Nxe4 dxe4 18. Bxe4 Nc5 19. Bd5 Be6 20. Ra2 Bxd5 21. Qxd5 b6 22. Rae2 Rad8 23. Qh5 g6 24. Qg4 Nd3 25. Rb1 Nde5 26. Nxe5 Nxe5 27. Qe4 Rfe8 28. Rbe1 Kg7 29. h3 h5 30. Re3 Kh6 31. Kh1 Nd3 32. Qxd3 Rxd3 33. Rxe8 Rxa3 0-1


[Site "https://www.chess.com"]

[Event "Titled Tuesday Blitz March 07 Late 2023"]
[White "Corrales Jimenez, Fidel"]
[Black "Huber, Benedikt"]
[WhiteFideId "3506690"]
[BlackFideId "12923583"]
[WhiteElo "2541"]
[BlackElo "2199"]
[Result "1-0"]
[Round "01"]
[TimeControl "180+2"]
[Date "2023.03.07"]
[WhiteClock "0:01:56"]
[BlackClock "0:00:14"]

1. e4 c5 2. Nf3 e6 3. d4 cxd4 4. Nxd4 Nc6 5. Nc3 Qc7 6. g3 a6 7. Bg2 Nf6 8. O-O Nxd4 9. Qxd4 Bc5 10. Qd3 h5 11. Bf4 d6 12. Rad1 e5 13. Bg5 Bg4 14. Bxf6 gxf6 15. Nd5 Qd8 16. Rd2 Be6 17. c3 a5 18. h4 Bxd5 19. Qxd5 Qc7 20. Kh2 Qc6 21. Qd3 O-O-O 22. Qf3 Rh6 23. Rfd1 Kb8 24. b3 Qb6 25. Kg1 Rg6 26. Rd3 Rdg8 27. Kf1 Rc8 28. Bh3 Rc7 29. R1d2 Rh6 30. Kg2 Ka7 31. Bf5 Rh8 32. Qd1 Qc6 33. Rf3 Bb6 34. Bh3 Rh6 35. Rd5 Kb8 36. Qd2 Qe8 37. Qxh6 1-0


[Site "https://www.chess.com"]

[Event "Titled Tuesday Blitz March 07 Late 2023"]
[White "Pasti, Aron"]
[Black "Yuan, Qingyu"]
[WhiteFideId "785857"]
[BlackFideId "8609772"]
[WhiteElo "2173"]
[BlackElo "2359"]
[Result "0-1"]
[Round "01"]
[TimeControl "180+2"]
[Date "2023.03.07"]
[WhiteClock "0:00:39"]
[BlackClock "0:00:56"]

1. e4 e5 2. Nf3 Nc6 3. c3 Nf6 4. d4 exd4 5. e5 Nd5 6. cxd4 Bb4+ 7. Bd2 Bxd2+ 8. Nbxd2 O-O 9. Bc4 Nb6 10. Bb3 d6 11. O-O dxe5 12. dxe5 Bf5 13. Rc1 Qe7 14. Re1 Rad8 15. Qe2 Nd5 16. Ne4 Nf4 17. Qe3 Nd3 18. Neg5 Nxc1 19. Rxc1 h6 20. Ne4 Nxe5 21. Nc5 Nxf3+ 22. Qxf3 Qg5 23. Re1 b6 24. Nb7 Rde8 25. Bxf7+ Kxf7 26. Qd5+ Be6 27. Nd8+ Qxd8 28. Qh5+ Kg8 29. h3 Bf7 30. Qd1 Qxd1 31. Rxd1 Rd8 0-1


[Site "https://www.chess.com"]

[Event "Titled Tuesday Blitz March 07 Late 2023"]
[White "Krzyzanowski, Marcin"]
[Black "Ansh M Shah"]
[WhiteFideId "1132199"]
[BlackFideId "25033379"]
[WhiteElo "2471"]
[BlackElo "2084"]
[Result "1-0"]
[Round "01"]
[TimeControl "180+2"]
[Date "2023.03.07"]
[WhiteClock "0:00:38"]
[BlackClock "0:00:05"]

1. Nf3 Nf6 2. c4 c5 3. g3 g6 4. Bg2 Bg7 5. Nc3 O-O 6. O-O Nc6 7. d4 cxd4 8. Nxd4 Qa5 9. h3 Nxd4 10. Qxd4 d6 11. Qd3 Be6 12. Bd2 Qc7 13. b3 a6 14. Rac1 Rac8 15. Bg5 Qd7 16. Kh2 h6 17. Bd2 Rfd8 18. e4 Qc7 19. f4 Nd7 20. Qe2 Nc5 21. f5 Bd7 22. Nd5 Qb8 23. Nxe7+ Kh7 24. fxg6+ fxg6 25. Nxc8 Qxc8 26. Bc3 Bc6 27. Rf7 Rd7 28. Rcf1 Qe8 29. Rxd7 Qxd7 30. Bxg7 Qxg7 31. Qd2 Bxe4 32. Qxd6 Bxg2 33. Kxg2 Ne4 34. Qf4 Ng5 35. h4 Qb2+ 36. Rf2 Qxf2+ 37. Qxf2 1-0


[Site "https://www.chess.com"]

[Event "Titled Tuesday Blitz March 07 Late 2023"]
[White "Yeritsyan, Hayk"]
[Black "Baskakov, Egor"]
[WhiteFideId "13307320"]
[BlackFideId "24197866"]
[WhiteElo "2452"]
[BlackElo "2212"]
[Result "0-1"]
[Round "01"]
[TimeControl "180+2"]
[Date "2023.03.07"]
[WhiteClock "0:01:46"]
[BlackClock "0:01:54"]

1. d4 Nf6 2. Nf3 e6 3. e3 d5 4. Bd3 Ne4 5. Ne5 Nd7 6. Nxd7 Bxd7 7. Bd2 f5 8. O-O Bd6 9. c4 c6 10. f4 O-O 11. Bxe4 fxe4 12. Qb3 Rb8 13. Bb4 Bxb4 14. Qxb4 g5 15. g3 gxf4 16. Rxf4 Rxf4 17. gxf4 Qh4 18. Na3 Qg4+ 19. Kf2 Qf3+ 20. Ke1 Qxe3+ 21. Kd1 Be8 22. Kc2 Qd3+ 23. Kc1 Bh5 24. Qd2 Qf1+ 25. Kc2 Qxa1 26. Qg2+ Bg6 0-1


[Site "https://www.chess.com"]